 Dungeon Crawl Stone Soup version 0.28.0-45-g0d030f2227 (webtiles) character file.

Game seed: 5816260659878627758

43 pkoi the Ruffian (level 3, 0/29 HPs)
             Began as a Demigod Gladiator on Apr 9, 2022.
             Slain by a kobold
             ... wielding a +0 dagger
              (3 damage)
             ... on level 2 of the Dungeon.
             The game lasted 00:01:15 (1719 turns).

pkoi the Ruffian (Demigod Gladiator)                Turns: 1719, Time: 00:01:16

Health: 0/29       AC:  5    Str: 19    XL:     3   Next: 20%
Magic:  5/5        EV: 12    Int: 10    God:
Gold:   36         SH:  0    Dex: 15    Spells: 2/2 levels left

rFire   . . .      SeeInvis .   d - +0 dagger
rCold   . . .      Faith    .   (no shield)
rNeg    . . .      Spirit   .   a - +0 leather armour
rPois   .          Reflect  .   b - +1 helmet
rElec   .          Harm     .   (no cloak)
rCorr   .          Rampage  .   (no gloves)
Will    .....                   (no boots)
Stlth   +.........              (no amulet)
HPRegen 0.09/turn               (no ring)
MPRegen 0.09/turn               (no ring)

@: no status effects
A: high MP 1, forlorn, divine attributes
a: no special abilities


You were on level 2 of the Dungeon.
You visited 1 branch of the dungeon, and saw 2 of its levels.

You collected 36 gold pieces.

Inventory:

Hand Weapons
 d - a +0 dagger (weapon)
 e - a +0 whip
Missiles
 c - 3 throwing nets (quivered)
 i - 5 poisoned darts
Armour
 a - a +0 leather armour (worn)
 b - a +1 helmet (worn)
Magical Staves
 f - a staff of air
Potions
 g - 2 potions of degeneration {unknown}


   Skills:
 - Level 1.7 Fighting
 - Level 1.7 Throwing
 - Level 2.6 Dodging
 + Level 4.1 Unarmed Combat


You had 2 spell levels left.
You didn't know any spells.
Your spell library was empty.

Dungeon Overview and Level Annotations

Branches:
Dungeon (2/15)


Innate Abilities, Weirdness & Mutations

You have an increased reservoir of magic. (+10% MP)
You shall have no god before yourself.
Your divine heritage dramatically boosts your attributes as you level up.


Message History

* * * LOW HITPOINT WARNING * * *
You barely miss the orc wizard.
The orc wizard is lightly wounded.
The kobold closely misses you. The orc wizard closely misses you.
You hit the orc wizard but do no damage.
The orc wizard is lightly wounded.
The kobold hits you but does no damage.
The orc wizard hits you but does no damage.
You barely miss the orc wizard.
The orc wizard is lightly wounded.
The kobold hits you but does no damage.
The orc wizard points at you and mumbles some strange words.
You are confused.
You miss the orc wizard.
The orc wizard is lightly wounded.
The kobold barely misses you.
The orc wizard hits you but does no damage.
You closely miss the orc wizard.
The orc wizard is lightly wounded.
The kobold hits you but does no damage. The orc wizard closely misses you.
You bump into the rock wall.
The kobold hits you but does no damage. The orc wizard barely misses you.
You hit the orc wizard but do no damage.
The orc wizard is lightly wounded.
The kobold closely misses you. The orc wizard closely misses you.
You hit the orc wizard but do no damage.
The orc wizard is lightly wounded.
The kobold hits you but does no damage.
The orc wizard hits you with a +0 dagger.
* * * LOW HITPOINT WARNING * * *
You hit the orc wizard but do no damage.
The orc wizard is lightly wounded.
The kobold misses you.
The orc wizard hits you with a +0 dagger.
* * * LOW HITPOINT WARNING * * *
You hit the orc wizard.
The orc wizard is lightly wounded.
You feel less confused. The kobold hits you with a +0 dagger.
You die...

#. .o... #. ...# #.
#oo#
#####.#######..####.
#..................#
#.<..†oo#####.##
#######{# .# #o# #@#
#K#####.# #.......#
#########


You could see an orc wizard, 2 orcs and a kobold.

Vanquished Creatures
  An orc wizard (D:2)
  A dart slug (D:1)
  3 endoplasms
  8 goblins (D:1)
  2 hobgoblins (D:1)
  A kobold (D:1)
  A quokka (D:1)
  2 ball pythons (D:1)
  3 bats
  A rat (D:2)
23 creatures vanquished.

Notes
Turn   | Place    | Note
-------+----------+-------------------------------------------
     0 | D:1      | pkoi the Demigod Gladiator began the quest for the Orb.
     0 | D:1      | Reached XP level 1. HP: 17/17 MP: 3/3
    33 | D:1      | Noticed an eye of devastation
    38 | D:1      | Noticed a shining eye
    43 | D:1      | Noticed a golden eye
    50 | D:1      | Noticed a golden eye
   267 | D:1      | Reached skill level 3 in Unarmed Combat
   676 | D:1      | Reached XP level 2. HP: 17/24 MP: 4/4
  1703 | D:2      | Reached skill level 4 in Unarmed Combat
  1703 | D:2      | Reached XP level 3. HP: 22/29 MP: 5/5
  1719 | D:2      | Slain by a kobold

Illustrated notes

Levels and vault maps discovered:
D:1:      eino_arrival_cavern_d, layout_basic,
          hellmonk_ecumenical_altar_watching_god
D:2:      layout_loops_ring, minmay_tromino_i2

Skill      XL: |  1  2 |
---------------+-------+-----
Unarmed Combat | 3 4 |  4.1
Fighting       | |  1.7
Throwing       | |  1.7
Dodging        | |  2.6

Action                   || total
-------------------------++-------
Melee: Dagger            ||   110
       Unarmed           ||     3
       Punch             ||     4
  Use: Scroll            ||     3
       Potion            ||     2
Armor: Leather armour    ||    35
Dodge: Dodged            ||    80
